 Dungeon Crawl Stone Soup version 0.18.1-8-gdd0e5ea (webtiles) character file.

1771 deorigin the Transmogrifier (level 8, 0/61 HPs)
             Began as a Red Draconian Transmuter on June 6, 2016.
             Was a Believer of Okawaru.
             Slain by an orc warrior
             ... wielding a +0 long sword
              (21 damage)
             ... on level 6 of the Dungeon.
             The game lasted 00:20:26 (8361 turns).

deorigin the Transmogrifier (DrTm)                  Turns: 8361, Time: 00:20:27

Health: 0/61       AC:  3    Str: 13    XL:     8   Next: 80%
Magic:  12/14      EV: 19    Int: 16    God:    Okawaru [**....]
Gold:   307        SH:  0    Dex: 16    Spells: 4 memorised, 4 levels left

rFire  . . .     SeeInvis .       - Unarmed
rCold  . . .     Gourm    .     (armour unavailable)
rNeg   . . .     Faith    .     (shield currently unavailable)
rPois  x         Spirit   .     (helmet currently unavailable)
rElec  .         Dismiss  .     (cloak currently unavailable)
rCorr  .         Reflect  .     (gloves currently unavailable)
SustAt .         Harm     .     (boots currently unavailable)
MR     +....                    (no amulet)
Stlth  +.........               g - +1 ring of protection
                                p - ring of protection from magic

@: spider-form, somewhat resistant to hostile enchantments, very unstealthy
A: (breathe fire), unfitting armour, (fire resistance 0), (cold-blooded), AC +6
a: End Transformation, Heroism, Renounce Religion


You were on level 6 of the Dungeon.
You worshipped Okawaru.
Okawaru was pleased with you.
You were not hungry.
You were a venomous arachnid creature.
You visited 2 branches of the dungeon, and saw 9 of its levels.

You collected 307 gold pieces.

Inventory:

Hand Weapons
 d - a +1 dagger of venom (melded)
 j - a +0 dagger
 l - a cursed -3 flail
 I - a +0 war axe of venom
 N - a +2 rapier of freezing
 O - a +1 flail of protection
Missiles
 a - 58 arrows
 m - 32 poisoned needles
 z - 2 throwing nets (quivered)
Armour
 w - a +0 cloak
 C - a +0 pair of boots (melded)
 G - a +0 pair of gloves (melded)
 L - a +0 cloak (melded)
Jewellery
 g - a +1 ring of protection (right front leg)
 p - a ring of protection from magic (left front leg)
 H - an uncursed ring of sustain attributes
Wands
 u - a wand of digging (24/24)
 D - a wand of random effects (11/48)
Scrolls
 e - 7 scrolls of remove curse
 k - 3 scrolls of enchant weapon {unknown}
 v - 4 scrolls of recharging
 x - 2 scrolls of fog {unknown}
 y - a scroll of teleportation {unknown}
 A - a scroll of enchant armour {unknown}
 J - a scroll of noise {unknown}
 M - a scroll of blinking {unknown}
Potions
 f - 2 potions of cancellation
 h - a potion of heal wounds
 o - a potion of cure mutation
 r - 5 potions of curing
 s - a potion of lignification
 t - 2 potions of agility
 B - a potion of haste
 E - 2 potions of mutation
 F - a potion of brilliance {unknown}
 K - 3 potions of ambrosia
Books
 b - a book of Changes

   Spells                             Type                      Level
   a - Beastly Appendage              Transmutation                1
   b - Sticks to Snakes               Transmutation                2
   c - Spider Form                    Transmutation/Poison         3
   d - Ice Form                       Ice/Transmutation            4
   e - Blade Hands                    Transmutation                5
Comestibles
 c - 5 bread rations
 n - 5 fruits
 q - 4 meat rations


   Skills:
 + Level 1.8 Fighting
 - Level 1.2 Short Blades
 - Level 1.7 Dodging
 - Level 3.0 Unarmed Combat
 - Level 4.2 Spellcasting
 - Level 10.0 Transmutations
 - Level 2.1 Poison Magic
 - Level 2.2 Invocations


You had 4 spell levels left.
You knew the following spells:

 Your Spells              Type           Power        Failure   Level  Hunger
a - Beastly Appendage     Trmt           #####.       2%          1    None
b - Sticks to Snakes      Trmt           #####...     3%          2    ##.....
c - Spider Form           Trmt/Pois      ###.......   14%         3    ###....
d - Blade Hands           Trmt           #####.....   24%         5    ######.


Dungeon Overview and Level Annotations

Branches:
Dungeon (8/15)             Temple (1/1) D:5
   Lair: D:8-11

Altars:
Ashenzari
Cheibriados
Dithmenos
Elyvilon
Kikubaaqudgha
Makhleb
Nemelex Xobeh
Okawaru
Pakellas
Qazlal
Ru
Sif Muna
Trog
Vehumet
Xom
Yredelemnul
The Shining One

Annotations:
D:5 Nanban's ghost, amateur HOFi


Innate Abilities, Weirdness & Mutations

((You can breathe blasts of fire.))
((Your fiery red scales are hard (AC +6).))
Your body does not fit into most forms of armour.
((Your flesh is heat resistant.))
((You are cold-blooded and may be slowed by cold attacks.))


Message History

The orc warrior hits you with a long sword!
You climb upwards.
There is a stone staircase leading down here.
Unknown command.
You barely miss the orc warrior.
The orc warrior is moderately wounded.
You hit the orc warrior but do no damage.
The orc warrior is moderately wounded.
The orc warrior misses you.
You hit the orc warrior but do no damage.
The orc warrior looks even sicker.
The orc warrior is moderately wounded.
The orc warrior completely misses you.
You barely miss the orc warrior.
The orc warrior is moderately wounded.
The orc warrior hits you with a long sword!
You hit the orc warrior but do no damage.
The orc warrior is moderately wounded.
The orc warrior hits you with a long sword!!
You die...

####### ######
#.....#
#....############
#.....#
#....[..........###
#.....#
#....########.#....
#.....# #....#
#....#....
####.....######o...#
#.#..#..#.
.........'......s..#
#....#....
###......#######'###
#......... #......#
#.# ####.#.###
#.###### #.#
#......... ###'###
#.# #....#....
#.....#
#.#######.#..#..#.
#.....#
#............#...#
#.....#
##################
#.....# #.#


You could see an orc warrior.

Vanquished Creatures
  A hippogriff (D:5)
  Edmund (D:6)
  2 sky beasts (D:5)
  A phantom (D:6)
  2 ogres
  A centaur (D:6)
  Blork the orc (D:6)
  A giant frog (D:8)
  A wight (D:8)
  3 jellies
  2 crimson imps (D:5)
  A giant frog zombie (D:5)
  2 hounds (D:6)
  A centaur skeleton (D:4)
  An orc priest (D:5)
  4 orc wizards
  An iguana (D:6)
  5 worker ants
  2 worker ant zombies (D:6)
  Robin (D:3)
  7 adders
  A gnoll (D:1)
  A howler monkey skeleton (D:6)
  An ooze (D:1)
  An adder zombie (D:5)
  2 adder skeletons (D:4)
  4 worms
  3 giant geckos
  14 orcs
  14 bats
  6 giant cockroaches
  15 goblins
  A hobgoblin (D:1)
  5 jackals
  3 ball pythons
  4 giant newts
  A jackal skeleton (D:5)
  5 kobolds
  A quokka skeleton (D:6)
  A quokka zombie (D:5)
  6 rats
  A spectral orc (D:3)
131 creatures vanquished.

Vanquished Creatures (collateral kills)
  A giant cockroach (D:1)
  A goblin (D:1)
  A kobold (D:1)
3 creatures vanquished.

Grand Total: 134 creatures vanquished

Notes
Turn   | Place    | Note
--------------------------------------------------------------
     0 | D:1      | deorigin the Draconian Transmuter began the quest for the Orb.
     0 | D:1      | Reached XP level 1. HP: 16/16 MP: 3/3
    89 | D:1      | Reached XP level 2. HP: 16/23 MP: 5/5
   132 | D:1      | Learned a level 2 spell: Sticks to Snakes
   272 | D:1      | Reached skill level 3 in Transmutations
   443 | D:1      | Reached XP level 3. HP: 23/28 MP: 6/6
   451 | D:1      | Learned a level 3 spell: Spider Form
   863 | D:2      | Reached skill level 1 in Poison Magic
  1093 | D:2      | Reached skill level 1 in Short Blades
  1631 | D:3      | Reached XP level 4. HP: 34/35 MP: 5/7
  1892 | D:3      | Found a radiant altar of Vehumet.
  2199 | D:3      | Noticed Robin
  2234 | D:3      | Killed Robin
  2234 | D:3      | Reached skill level 4 in Transmutations
  2496 | D:3      | Found a basalt altar of Yredelemnul.
  2543 | D:3      | Found an oddly glowing altar of Pakellas.
  2543 | D:3      | Found a shattered altar of Ashenzari.
  2546 | D:3      | Found a sacrificial altar of Ru.
  3079 | D:4      | Reached XP level 5. HP: 27/40 MP: 8/8
  3567 | D:4      | Reached skill level 5 in Transmutations
  3786 | D:5      | Entered Level 5 of the Dungeon
  3786 | D:5      | Noticed a hippogriff
  3798 | D:5      | Killed a hippogriff
  3798 | D:5      | Reached skill level 6 in Transmutations
  3798 | D:5      | Reached XP level 6. HP: 21/47 MP: 9/9
  4634 | D:5      | Found a staircase to the Ecumenical Temple.
  4640 | Temple   | Entered the Ecumenical Temple
  4660 | Temple   | Became a worshipper of Warmaster Okawaru
  4720 | D:5      | Reached skill level 7 in Transmutations
  4723 | D:5      | Your scales start taking on a fiery red colour.
  4723 | D:5      | Reached XP level 7. HP: 16/52 MP: 7/10
  4723 | D:5      | Gained mutation: Your flesh is heat resistant. [Red Draconian growth]
  5359 | D:5      | Reached skill level 8 in Transmutations
  5488 | D:5      | Reached * piety under Okawaru
  6007 | D:5      | Learned a level 5 spell: Blade Hands
  6063 | D:5      | Noticed Nanban's ghost (amateur HOFi)
  6148 | D:6      | Noticed Blork the orc
  6152 | D:6      | You fall through a shaft for 2 floors!
  6185 | D:8      | Reached XP level 8. HP: 40/59 MP: 10/13
  6467 | D:7      | Found a bloodstained altar of Trog.
  6572 | D:6      | Found a sparkling altar of Nemelex Xobeh.
  6626 | D:6      | HP: 2/59 [phantom (5)]
  7013 | D:6      | Found an ancient bone altar of Kikubaaqudgha.
  7048 | D:6      | Reached skill level 9 in Transmutations
  7261 | D:6      | You fall through a shaft for 2 floors!
  7450 | D:6      | Reached ** piety under Okawaru
  7564 | D:6      | Noticed Edmund
  7593 | D:6      | Killed Edmund
  7889 | D:6      | Killed Blork the orc
  8068 | D:6      | Reached skill level 10 in Transmutations
  8361 | D:6      | Slain by an orc warrior

Skill      XL: |  1  2  3  4  5  6  7  8 |
---------------+-------------------------+-----
Transmutations | 3 4 6 7 8 10 | 10.0
Poison Magic   | 1 2 |  2.1
Short Blades   | 1 |  1.2
Spellcasting   | 3 4 |  4.2
Invocations    | 2 |  2.2
Fighting       | |  1.8
Dodging        | |  1.7
Unarmed Combat | |  3.0

Action                   |  1- 3 |  4- 6 |  7- 9 || total
-------------------------+-------+-------+-------++-------
Melee: Unarmed           |    51 |    14 |    94 ||   159
       Kick              |     3 |     7 |       ||    10
       Headbutt          |     3 |     2 |    10 ||    15
       Tailslap          |     8 |    14 |    21 ||    43
       Punch             |     1 |     1 |     2 ||     4
       Dagger            |    92 |   170 |   191 ||   453
       War axe           |       |     1 |       ||     1
 Cast: Beastly Appendage |     8 |     5 |    10 ||    23
       Sticks to Snakes  |     1 |       |     1 ||     2
       Spider Form       |       |     2 |    11 ||    13
       Blade Hands       |       |       |     1 ||     1
Invok: Heroism           |       |       |     1 ||     1
 Abil: Breathe Fire      |       |       |     8 ||     8
       End Transformatio |       |       |     1 ||     1
  Use: Potion            |     1 |       |       ||     1
       Scroll            |       |     1 |     9 ||    10
 Stab: Sleeping          |     1 |       |     1 ||     2
  Eat: Chunk             |     3 |     8 |    13 ||    24
       Royal jelly       |       |     1 |       ||     1
       Beef jerky        |       |       |     1 ||     1
Armor: Skin              |    68 |    68 |    91 ||   227
Dodge: Dodged            |    83 |   129 |   170 ||   382
